 Dungeon Crawl Stone Soup version 0.31-a0-1165-g196b491b36 (webtiles) character file.

Game seed: 5029299199997290034

4162 Smoke131 the Fighter (level 10, -1/108 (110) HPs)
             Began as an Ogre Gladiator on Dec 9, 2023.
             Was a Believer of Okawaru.
             Slain by a kobold
             ... wielding the +12 spear of Impish Responsibility {freeze, rPois rN+ Will- Str+8}
              (10 damage)
             ... on level 8 of the Dungeon.
             The game lasted 00:24:30 (10053 turns).

Smoke131 the Fighter (Ogre Gladiator)              Turns: 10053, Time: 00:24:30

HP:   -1/108 (110)  AC:  5    Str: 24    XL:     10   Next: 28%
MP:   13/13         EV: 10    Int:  9    God:    Okawaru [**....]
Gold: 398           SH:  0    Dex: 10    Spells: 9/9 levels left

rFire   . . .        p - +0 giant spiked club
rCold   . . .        (shield currently unavailable)
rNeg    . . .        o - +0 troll leather armour
rPois   .            c - +0 hat
rElec   .            f - +0 cloak
rCorr   .            (gloves unavailable)
SInv    +            (boots unavailable)
Will    +....        (no amulet)
Stlth   +            i - ring of flight
HPRegen 1.18/turn    h - ring of see invisible
MPRegen 0.13/turn

%: no passive effects
@: flying, lightly drained
A: large, unfitting armour, tough skin 1
a: Renounce Religion, Heroism


You were on level 8 of the Dungeon.
You worshipped Okawaru.
Okawaru was pleased with you.
You visited 2 branches of the dungeon, and saw 9 of its levels.

You collected 398 gold pieces.

Inventory:

Hand Weapons
 p - a +0 giant spiked club (weapon)
 u - a +1 flail of holy wrath
Missiles
 a - a curare-tipped dart
 d - 3 throwing nets
 e - a large rock
 k - 3 poisoned darts (quivered)
Armour
 c - a +0 hat (worn)
 f - a +0 cloak (worn)
 o - a +0 troll leather armour (worn)
Jewellery
 h - a ring of see invisible (right hand)
 i - a ring of flight (left hand)
Wands
 n - a wand of acid (2)
 r - a wand of polymorph (10)
 w - a wand of flame (9)
Scrolls
 j - 3 scrolls of immolation
 l - 2 scrolls of identify
 q - a scroll of fog
 s - a scroll of teleportation
 t - a scroll of vulnerability {unknown}
 v - a scroll of enchant weapon
Potions
 b - a potion of cancellation {unknown}
 g - 2 potions of curing
 m - 2 potions of mutation


   Skills:
 - Level 10.0 Fighting
 + Level 8.3 Maces & Flails
 + Level 8.6 Throwing
 - Level 3.0 Dodging
 + Level 4.2 Invocations


You had 9 spell levels left.
You didn't know any spells.
Your spell library contained the following spells:

 Spells                   Type           Power      Damage    Failure   Level
 Magic Dart               Conj           0%         1d3       43%         1
 Necrotise                Necr           0%         1d4       43%         1
 Shock                    Conj/Air       0%         1d3       43%         1
 Searing Ray              Conj           0%         2d4       56%         2
 Dazzling Flash           Conj/Hex       0%         N/A       80%         3
 Swiftness                Air            0%         N/A       80%         3
 Vampiric Draining        Necr           0%         2d6       80%         3
 Airstrike                Air            0%         2d(0-16)  99%         4
 Fulminant Prism          Conj/Hex       0%         3d5       99%         4
 Agony                    Necr           0%         N/A       100%        5
 Silence                  Hex/Air        0%         N/A       100%        5


Dungeon Overview and Level Annotations

Branches:
Dungeon (8/15)             Temple (1/1) D:5
   Lair: D:8-11

Altars:
Ashenzari
Cheibriados
Dithmenos
Elyvilon
Fedhas
Gozag
Hepliaklqana
Kikubaaqudgha
Makhleb
Nemelex Xobeh
Okawaru
Qazlal
Ru
Sif Muna
Trog
Vehumet
Wu Jian
Xom
Yredelemnul
Zin
The Shining One

Shops:
D:1 [


Innate Abilities, Weirdness & Mutations

You are too large for most types of armour.
You have tough skin. (AC +1)


Message History

The kobold hits you but does no damage. x2
You barely miss the kobold. The kobold hits you with a +0 dagger.
The kobold closely misses you. The kobold hits you with a +0 whip.
The kobold hits you but does no damage. The kobold misses you.
The kobold completely misses you.
You closely miss the kobold. The kobold hits you but does no damage.
The kobold hits you from afar with the +12 spear of Impish Responsibility {freeze, rPois rN+ Will- Str+8}!
The kobold freezes you. The kobold hits you with a +0 whip.
You completely miss the kobold. The kobold misses you.
The kobold hits you from afar with the +12 spear of Impish Responsibility {freeze, rPois rN+ Will- Str+8}!
* * * LOW HITPOINT WARNING * * *
The kobold freezes you.
* * * LOW HITPOINT WARNING * * *
The kobold hits you with a +0 whip.
* * * LOW HITPOINT WARNING * * *
The kobold hits you but does no damage. The kobold attacks as it pursues you!
The kobold misses you.
You hit the kobold.
You kill the kobold!
Okawaru accepts your kill.
You pound the kobold like an anvil!!!
You kill the kobold!
The kobold closely misses you.
You closely miss the kobold.
The kobold hits you from afar with the +12 spear of Impish Responsibility {freeze, rPois rN+ Will- Str+8}!
* * * LOW HITPOINT WARNING * * *
The kobold freezes you.
* * * LOW HITPOINT WARNING * * *
The kobold hits you but does no damage. The kobold barely misses you.
You miss the kobold. The kobold hits you but does no damage.
The kobold misses you.
The kobold hits you from afar with the +12 spear of Impish Responsibility {freeze, rPois rN+ Will- Str+8}!
* * * LOW HITPOINT WARNING * * *
The kobold freezes you.
* * * LOW HITPOINT WARNING * * *
The kobold closely misses you.
You feel better. The kobold hits you with a +0 club.
* * * LOW HITPOINT WARNING * * *
The kobold hits you from afar with the +12 spear of Impish Responsibility {freeze, rPois rN+ Will- Str+8}!
You die...

##....)##....### ##...###...##
...............# #...........#
.....<.........####...........#
.....................K........###
................................#
##.....##..........K.........##'#
########)####.####K)K.###...##.#
....##.).##'#####'#####...#8.8
........<..#..@K)..........##.#
...........#..K#K..........##.#
...........#...#...........#8.8
########+#####.##....##...###.#
####.######'####=# #.# #.....#8.8
#.###########.# #.##8##8##8##.#
#.'............


You could see 3 kobolds.

Vanquished Creatures
  A troll (D:6)
  2 wyverns (D:7)
  4 yaks (D:6)
  Eustachio (D:4)
  Menkaure (D:4)
  A steam dragon (D:7)
  3 water moccasins
  3 sky beasts
  2 black bears (D:6)
  4 ogres
  3 centaurs
  2 kobold brigands
  A bullfrog (D:7)
  3 scorpions
  2 wights (D:7)
  A howler monkey (D:5)
  3 hounds
  Crazy Yiuf (D:5)
  5 orc priests
  A gnoll bouda (D:7)
  5 iguanas
  3 orc wizards
  Robin (D:4)
  12 gnolls
  6 adders
  A shadow imp (D:6)
  2 ufetubi (D:5)
  2 dart slugs
  A worm (D:4)
  13 orcs
  7 ball pythons
  8 endoplasms
  4 giant cockroaches
  12 goblins
  10 hobgoblins
  2 quokkas
  6 bats
  9 frilled lizards
  13 kobolds
  A kobold zombie (D:6)
  A rat (D:1)
163 creatures vanquished.

Notes
Turn   | Place    | Note
-------+----------+-------------------------------------------
     0 | D:1      | Smoke131 the Ogre Gladiator began the quest for the Orb.
     0 | D:1      | Reached XP level 1. HP: 22/22 MP: 1/1
   103 | D:1      | Reached XP level 2. HP: 29/29 MP: 2/2
   144 | D:1      | Reached skill level 3 in Fighting
   527 | D:1      | Found Sagal's Armour Shoppe.
   667 | D:1      | Reached XP level 3. HP: 30/36 MP: 3/3
  1266 | D:2      | Found a faded altar of an unknown god.
  1533 | D:3      | Noticed a scorpion
  1553 | D:3      | Killed a scorpion
  1554 | D:3      | Reached skill level 4 in Fighting
  1554 | D:3      | Reached XP level 4. HP: 18/48 MP: 4/4
  2028 | D:3      | Reached XP level 5. HP: 39/54 MP: 5/5
  2372 | D:4      | Noticed an ogre
  2933 | D:4      | Noticed a centaur
  3194 | D:4      | Noticed Robin
  3319 | D:4      | Noticed Eustachio
  3405 | D:4      | Killed a centaur
  3406 | D:4      | Reached skill level 5 in Fighting
  3406 | D:4      | Reached XP level 6. HP: 50/66 MP: 6/6
  3764 | D:4      | Noticed Menkaure
  3993 | D:4      | Reached XP level 7. HP: 65/72 MP: 7/7
  4129 | D:4      | Identified the +1 ring mail "Naseifext" {Fly rN++ Str+3
                  | Int-3}
  4417 | D:4      | Reached skill level 5 in Maces & Flails
  4429 | D:4      | Killed Robin
  4510 | D:4      | Killed Eustachio
  4511 | D:4      | Reached skill level 5 in Throwing
  4899 | D:4      | Reached skill level 6 in Fighting
  5715 | D:4      | Killed Menkaure
  5716 | D:4      | Reached XP level 8. HP: 23/84 MP: 8/8
  5917 | D:5      | Entered Level 5 of the Dungeon
  6307 | D:5      | Reached skill level 7 in Fighting
  6388 | D:5      | Found a runed translucent door.
  6389 | D:5      | Noticed Crazy Yiuf
  6432 | D:5      | Killed Crazy Yiuf
  6932 | D:5      | Found a staircase to the Ecumenical Temple.
  6941 | Temple   | Entered the Ecumenical Temple
  7282 | D:6      | Noticed a troll
  7287 | D:6      | Killed a troll
  7528 | D:6      | Reached skill level 8 in Fighting
  7570 | D:6      | Reached XP level 9. HP: 90/96 MP: 9/9
  7989 | D:6      | Found a runed translucent door.
  7994 | D:6      | Found a basalt altar of Yredelemnul.
  8132 | D:6      | Reached skill level 9 in Fighting
  8370 | D:7      | Found an iron altar of Okawaru.
  8376 | D:7      | Became a worshipper of Warmaster Okawaru
  8378 | D:7      | Found a shimmering altar of Xom.
  8387 | D:7      | Found a blossoming altar of Fedhas.
  8416 | D:7      | Found an iron altar of Okawaru.
  8433 | D:7      | Reached skill level 1 in Invocations
  8499 | D:7      | Found an opulent altar of Gozag.
  8588 | D:7      | Found a glowing silver altar of Zin.
  8846 | D:7      | Reached * piety under Okawaru
  9295 | D:6      | Reached XP level 10. HP: 50/110 MP: 10/12
  9357 | D:6      | Reached skill level 10 in Fighting
  9407 | D:6      | Reached ** piety under Okawaru
 10020 | D:8      | Identified the +12 spear of Impish Responsibility {freeze,
                  | rPois rN+ Will- Str+8}
 10052 | D:8      | HP: 2/108 [kobold/the +12 spear of Impish Responsibility
                  | {freeze, rPois rN+ Will- Str+8} (4)]
 10053 | D:8      | Slain by a kobold

Illustrated notes

Levels and vault maps discovered:
D:1:      roadster_arrival_rocket_large, layout_basic, serial_shops, shop,
          supply_closet_lemuel, dk_noncrumbling_3, minmay_liquid_box,
          minmay_octomino_e4
D:2:      layout_rooms, hellmonk_ecumenical_altar_blasted
D:3:      layout_basic
D:4:      layout_loops_ring, uniq_eustachio, uniq_robin, uniq_menkaure
D:5:      layout_loops_corners, minmay_temple_entry_arrows,
          uniq_crazy_yiuf_cottage
D:6:      layout_basic, dk_yredelemnul_ordeal,
          hangedman_abyss_or_decor_jellyfish_corner, minmay_microvault
D:7:      layout_basic, amcnicky_altar_gilded, minitemple,
          hangedman_feature_mirror
D:8:      minmay_bubble_buster, layout_gridville, grunt_ministairs_11,
          dk_noncrumbling_2, chequers_serial_rivers_small_3
Temple:   eino_temple_rhombus

Skill      XL: |  1  2  3  4  5  6  7  8  9 10 |
---------------+-------------------------------+-----
Fighting       | 3 4 5 6 8 9 10 | 10.0
Maces & Flails | 3 4 5 6 7 8 |  8.3
Dodging        | 3 |  3.0
Throwing       | 3 4 5 6 8 |  8.6
Invocations    | 2 4 |  4.2

Action                     |  1- 3 |  4- 6 |  7- 9 | 10-12 || total
---------------------------+-------+-------+-------+-------++-------
  Melee: Flail             |   146 |   106 |   174 |       ||   426
         Punch             |     2 |       |     7 |       ||     9
         Giant spiked club |       |       |   113 |    62 ||   175
  Throw: Throwing net      |     2 |       |       |       ||     2
         Large rock        |     1 |     3 |     5 |       ||     9
         Dart              |       |       |    42 |       ||    42
  Evoke: Wand              |       |       |     7 |       ||     7
    Use: Scroll            |     1 |     8 |     5 |       ||    14
         Potion            |     1 |       |     2 |     1 ||     4
   Stab: Sleeping          |     1 |       |       |       ||     1
 Armour: Robe              |   110 |   113 |   130 |       ||   353
         Skin              |     8 |       |       |       ||     8
         Troll leather arm |       |       |   165 |    92 ||   257
  Dodge: Dodged            |   115 |    72 |   212 |    55 ||   454

Table legend: (Time is in decaauts)
 A = Elapsed time spent in this place.
 B = Non-inter-level travel time spent in this place.
 C = Inter-level travel time spent in this place.
 D = Time resting spent in this place.
 E = Time spent auto-exploring this place.
 F = Levels seen in this place.
 G = Mean time per level.
                   A        B        C        D        E       F      G
               +--------+--------+--------+--------+--------+-----+--------+
         Total |  10239 |   9563 |    676 |   1956 |   5281 |   9 | 1137.7 |
       Dungeon |  10181 |   9561 |    620 |   1956 |   5281 |   8 | 1272.6 |
        Temple |     57 |      1 |     56 |      0 |      0 |   1 |   57.0 |
               +--------+--------+--------+--------+--------+-----+--------+

Top non-repeatable levels by time:
     D:3: 2506 daAuts
     D:4: 2112 daAuts
     D:7: 1443 daAuts
     D:5: 1385 daAuts
     D:6: 1131 daAuts
     D:1: 996 daAuts
     D:2: 394 daAuts
     D:8: 211 daAuts
  Temple: 57 daAuts
